ITL
AMARILLO ARCHDUKES @ TRENTON STARS
05/30/2027
 
TOP OF THE 1ST
Amarillo Archdukes batting - Pitching for Trenton Stars : RHP José Crus
Pitching: RHP José Crus
Batting: RHB Norm Francis 0-0: Called Strike
0-1: Ball
1-1: Called Strike
1-2: Ball
2-2: Foul Ball, location: 2F
2-2: Foul Ball, location: 2F
2-2: Strikes out swinging
Batting: RHB José Ruíz 0-0: Called Strike
0-1: Foul Ball, location: 2F
0-2: Ball
1-2: Strikes out swinging
Batting: SHB Douglas Taylor 0-0: Ball
1-0: Ball
2-0: SINGLE (Groundball, 56D)
Batting: LHB Michael Cook 0-0: Called Strike
0-1: Ball
1-1: SINGLE (Groundball, 34D)
Douglas Taylor to second
Runner from 2nd tries for 3rd, SAFE, no throw
Batting: LHB Howard Lambert 0-0: Ball
1-0: Ball
2-0: Called Strike
2-1: Ball
3-1: Called Strike
3-2: Base on Balls
Michael Cook to second
Batting: LHB Edwin Ryan 0-0: Ball
1-0: Called Strike
1-1: Swinging Strike
1-2: Ball
2-2: Ball
3-2: SINGLE (Flyball, 7S)
Douglas Taylor scores
Michael Cook to third
Howard Lambert to second
Michael Cook scores
Howard Lambert to third
Batting: RHB Herb Bunch 0-0: Swinging Strike
0-1: Ball
1-1: Swinging Strike
1-2: Strikes out looking
Top of the 1st over - 2 run(s), 3 hit(s), 0 error(s), 2 left on base; Amarillo 2 - Trenton 0
BOTTOM OF THE 1ST
Trenton Stars batting - Pitching for Amarillo Archdukes : LHP Curt Montgomery
Pitching: LHP Curt Montgomery
Batting: SHB Nick Marshall 0-0: SINGLE (Line Drive, 6M)
Batting: RHB Chris Cole 0-0: Ball
1-0: Ball
2-0: Called Strike
2-1: Ball
3-1: Base on Balls
Nick Marshall to second
Batting: RHB Rafael Canales 0-0: Fly out, F8 (Flyball, 78D)
Batting: RHB Clancy Booker 0-0: Ball
1-0: Called Strike
1-1: Ball
2-1: Called Strike
2-2: Ball
3-2: Foul Ball, location: 2F
3-2: Strikes out looking
Batting: RHB Roberto Chávez 0-0: Foul Ball, location: 2F
0-1: Foul Ball, location: 2F
0-2: Ball
1-2: Foul Ball, location: 2F
1-2: Strikes out swinging
Bottom of the 1st over - 0 run(s), 1 hit(s), 0 error(s), 2 left on base; Amarillo 2 - Trenton 0
TOP OF THE 2ND
Amarillo Archdukes batting - Pitching for Trenton Stars : RHP José Crus
Batting: RHB Nobuharu Hoshino 0-0: Ball
1-0: Ball
2-0: Ground out 4-3 (Groundball, 4S)
Batting: RHB Jorge Espinosa 0-0: Called Strike
0-1: Swinging Strike
0-2: Ball
1-2: Ball
2-2: Strikes out swinging
Batting: RHB Norm Francis 0-0: Ball
1-0: Fly out, F7 (Flyball, 78S)
Top of the 2nd over - 0 run(s), 0 hit(s), 0 error(s), 0 left on base; Amarillo 2 - Trenton 0
BOTTOM OF THE 2ND
Trenton Stars batting - Pitching for Amarillo Archdukes : LHP Curt Montgomery
Batting: RHB Jonas Uttley 0-0: Called Strike
0-1: Foul Ball, location: 2F
0-2: Ground out 6-3 (Groundball, 6)
Batting: RHB Gabriel Villegas 0-0: Swinging Strike
0-1: Ball
1-1: Swinging Strike
1-2: Ball
2-2: SINGLE (Flyball, 9LS)
Batting: LHB Gerardo Guzmán 0-0: Ball
1-0: Called Strike
1-1: Foul Ball, location: 2F
1-2: Ball
2-2: Foul Ball, location: 2F
2-2: Ball
3-2: Foul Ball, location: 2F
3-2: Hit by Pitch
Gabriel Villegas to second
Batting: RHB Kenji Murayama 0-0: Ball
1-0: Grounds into double play, 6-4-3 (Groundball, 6)
Bottom of the 2nd over - 0 run(s), 1 hit(s), 0 error(s), 1 left on base; Amarillo 2 - Trenton 0
TOP OF THE 3RD
Amarillo Archdukes batting - Pitching for Trenton Stars : RHP José Crus
Batting: RHB José Ruíz 0-0: Ball
1-0: Called Strike
1-1: Bunt missed!
1-2: Foul Ball, location: 2F
1-2: Foul Ball, location: 2F
1-2: Fly out, F9 (Flyball, 9)
Batting: SHB Douglas Taylor 0-0: Called Strike
0-1: Ball
1-1: Ball
2-1: Called Strike
2-2: Ball
3-2: Base on Balls
Batting: LHB Michael Cook 0-0: Ball
1-0: Called Strike
Douglas Taylor steals 2nd base
1-1: Ball
2-1: Foul Ball, location: 2F
2-2: Strikes out swinging
Batting: LHB Howard Lambert 0-0: Ball
1-0: Ball
2-0: Ball
3-0: Base on Balls
Batting: LHB Edwin Ryan 0-0: Ball
1-0: Ball
2-0: Ball
3-0: Called Strike
3-1: Base on Balls
Douglas Taylor to third
Howard Lambert to second
Batting: RHB Herb Bunch 0-0: Ball
1-0: Ball
2-0: Swinging Strike
2-1: Called Strike
2-2: Fly out, F8 (Flyball, 8RD)
Top of the 3rd over - 0 run(s), 0 hit(s), 0 error(s), 3 left on base; Amarillo 2 - Trenton 0
BOTTOM OF THE 3RD
Trenton Stars batting - Pitching for Amarillo Archdukes : LHP Curt Montgomery
Batting: SHB Nick Marshall 0-0: Swinging Strike
0-1: Ball
1-1: Ball
2-1: Ball
3-1: Foul Ball, location: 2F
3-2: Fly out, F9 (Flyball, 9S)
Batting: RHB Chris Cole 0-0: Called Strike
0-1: Swinging Strike
0-2: Strikes out swinging
Batting: RHB Rafael Canales 0-0: Foul Ball, location: 2F
0-1: Ball
1-1: Swinging Strike
1-2: Strikes out swinging
Bottom of the 3rd over - 0 run(s), 0 hit(s), 0 error(s), 0 left on base; Amarillo 2 - Trenton 0
TOP OF THE 4TH
Amarillo Archdukes batting - Pitching for Trenton Stars : RHP José Crus
Batting: RHB Nobuharu Hoshino 0-0: Called Strike
0-1: Swinging Strike
0-2: Foul Ball, location: 2F
0-2: Foul Ball, location: 2F
0-2: Ball
1-2: Strikes out swinging
Batting: RHB Jorge Espinosa 0-0: Ball
1-0: Ball
2-0: Called Strike
2-1: Ball
3-1: Called Strike
3-2: Strikes out swinging
Batting: RHB Norm Francis 0-0: Fly out, F9 (Flyball, 9S)
Top of the 4th over - 0 run(s), 0 hit(s), 0 error(s), 0 left on base; Amarillo 2 - Trenton 0
BOTTOM OF THE 4TH
Trenton Stars batting - Pitching for Amarillo Archdukes : LHP Curt Montgomery
Batting: RHB Clancy Booker 0-0: Foul Ball, location: 2F
0-1: Foul Ball, location: 2F
0-2: Ball
1-2: Ball
2-2: Strikes out looking
Batting: RHB Roberto Chávez 0-0: Called Strike
0-1: Foul Ball, location: 2F
0-2: Foul Ball, location: 2F
0-2: Ball
1-2: SOLO HOME RUN (Flyball, 7D), Distance : 363 ft
Batting: RHB Jonas Uttley 0-0: Fly out, F8 (Line Drive, 8LS)
Batting: RHB Gabriel Villegas 0-0: Called Strike
0-1: Ground out 5-3 (Groundball, 56)
Bottom of the 4th over - 1 run(s), 1 hit(s), 0 error(s), 0 left on base; Amarillo 2 - Trenton 1
TOP OF THE 5TH
Amarillo Archdukes batting - Pitching for Trenton Stars : RHP José Crus
Batting: RHB José Ruíz 0-0: Ball
1-0: Ball
2-0: Ball
3-0: Called Strike
3-1: Foul Ball, location: 2F
3-2: Base on Balls
Batting: SHB Douglas Taylor 0-0: Called Strike
0-1: Foul Ball, location: 2F
0-2: Ball
1-2: Ball
2-2: Foul Ball, location: 2F
2-2: Foul Ball, location: 2F
2-2: Foul Ball, location: 2F
2-2: Strikes out looking
Pitching: RHP Juan Vázquez
Batting: LHB Michael Cook 0-0: Foul Ball, location: 2F
0-1: Fly out, F7 (Flyball, 7LM)
Batting: LHB Howard Lambert 0-0: Ball
1-0: Ball
2-0: Foul Ball, location: 2F
2-1: Ball
3-1: Base on Balls
José Ruíz to second
Batting: LHB Edwin Ryan 0-0: Ball
1-0: Fly out, F9 (Flyball, 89D)
Top of the 5th over - 0 run(s), 0 hit(s), 0 error(s), 2 left on base; Amarillo 2 - Trenton 1
BOTTOM OF THE 5TH
Trenton Stars batting - Pitching for Amarillo Archdukes : LHP Curt Montgomery
Batting: LHB Gerardo Guzmán 0-0: Called Strike
0-1: Foul Ball, location: 2F
0-2: Foul Ball, location: 2F
0-2: Ball
1-2: Strikes out swinging
Batting: RHB Kenji Murayama 0-0: Foul Ball, location: 2F
0-1: Ball
1-1: Foul Ball, location: 2F
1-2: SINGLE (Line Drive, 89S)
Batting: SHB Nick Marshall 0-0: SINGLE (Flyball, 9S)
Kenji Murayama to second
Runner from 2nd tries for 3rd, SAFE, throw made to third
Batting: RHB Chris Cole 0-0: Called Strike
0-1: Foul Ball, location: 2F
0-2: Grounds into double play, 6-4-3 (Groundball, 6)
Bottom of the 5th over - 0 run(s), 2 hit(s), 0 error(s), 1 left on base; Amarillo 2 - Trenton 1
TOP OF THE 6TH
Amarillo Archdukes batting - Pitching for Trenton Stars : RHP Juan Vázquez
Batting: RHB Herb Bunch 0-0: Ball
1-0: Foul Ball, location: 2F
1-1: Ball
2-1: Ball
3-1: Called Strike
3-2: Base on Balls
Batting: RHB Nobuharu Hoshino 0-0: Called Strike
0-1: Swinging Strike
0-2: Strikes out swinging
Batting: RHB Jorge Espinosa 0-0: Called Strike
0-1: Called Strike
0-2: Ball
1-2: Fly out, F9 (Flyball, 9LM)
Batting: RHB Norm Francis 0-0: DOUBLE (Line Drive, 5D)
Herb Bunch to third
Runner from 3rd tries for Home, throw and OUT!
Top of the 6th over - 0 run(s), 1 hit(s), 0 error(s), 1 left on base; Amarillo 2 - Trenton 1
BOTTOM OF THE 6TH
Trenton Stars batting - Pitching for Amarillo Archdukes : LHP Curt Montgomery
Batting: RHB Rafael Canales 0-0: Ball
1-0: Fly out, F6 (Popup, 6D)
Batting: RHB Clancy Booker 0-0: Called Strike
0-1: Foul Ball, location: 2F
0-2: Ball
1-2: Strikes out swinging
Batting: RHB Roberto Chávez 0-0: Foul Ball, location: 2F
0-1: DOUBLE (Groundball, 5L)
Batting: RHB Jonas Uttley 0-0: Fly out, F8 (Flyball, 8LXD)
Bottom of the 6th over - 0 run(s), 1 hit(s), 0 error(s), 1 left on base; Amarillo 2 - Trenton 1
TOP OF THE 7TH
Amarillo Archdukes batting - Pitching for Trenton Stars : RHP Juan Vázquez
Batting: RHB José Ruíz 0-0: Swinging Strike
0-1: Called Strike
0-2: Ball
1-2: Strikes out swinging
Batting: SHB Douglas Taylor 0-0: Foul Ball, location: 2F
0-1: Swinging Strike
0-2: Ball
1-2: Ball
2-2: Foul Ball, location: 2F
2-2: Ball
3-2: Base on Balls
Batting: LHB Michael Cook 0-0: Called Strike
0-1: Ball
Douglas Taylor is caught stealing 2nd base
1-1: Ground out 4-3 (Groundball, 4)
Top of the 7th over - 0 run(s), 0 hit(s), 0 error(s), 0 left on base; Amarillo 2 - Trenton 1
BOTTOM OF THE 7TH
Trenton Stars batting - Pitching for Amarillo Archdukes : LHP Curt Montgomery
Batting: RHB Gabriel Villegas 0-0: Called Strike
0-1: Foul Ball, location: 2F
0-2: Ball
1-2: Ball
2-2: Fly out, F9 (Flyball, 9)
Pitching: RHP Dalton Ray
Batting: LHB Gerardo Guzmán 0-0: SINGLE (Groundball, 34D)
Pinch Hitting: RHB Felipe Olivas 0-0: Ball
Gerardo Guzmán is caught stealing 2nd base
1-0: Ball
2-0: Foul Ball, location: 2F
2-1: Foul Ball, location: 2F
2-2: SINGLE (Groundball, 4MD)
Batting: SHB Nick Marshall 0-0: Called Strike
0-1: Ball
1-1: Ball
2-1: Foul Ball, location: 2F
2-2: Foul Ball, location: 2F
2-2: Foul Ball, location: 2F
2-2: Foul Ball, location: 2F
2-2: Ball
3-2: Foul Ball, location: 2F
3-2: Fly out, F4 (Line Drive, 4)
Bottom of the 7th over - 0 run(s), 2 hit(s), 0 error(s), 1 left on base; Amarillo 2 - Trenton 1
TOP OF THE 8TH
Amarillo Archdukes batting - Pitching for Trenton Stars : RHP Juan Vázquez
Now at 3B: Felipe Olivas
Batting: LHB Howard Lambert 0-0: Ball
1-0: Swinging Strike
1-1: Ball
2-1: Called Strike
2-2: Foul Ball, location: 2F
2-2: Ball
3-2: Base on Balls
Pitching: RHP Jonathan Booker
Pinch Hitting: LHB Chris Pryor 0-0: Bunted foul
0-1: Sac Bunt - play at first, batter safe!
Howard Lambert to second
Pinch Hitting: RHB Tony Quinn 0-0: Ball
1-0: Ball
2-0: DOUBLE (Flyball, 8LXD)
Howard Lambert scores
Chris Pryor to third
Batting: RHB Nobuharu Hoshino 0-0: Ball
1-0: Called Strike
1-1: Ball
2-1: Swinging Strike
2-2: Strikes out looking
Batting: RHB Jorge Espinosa 0-0: Called Strike
0-1: Swinging Strike
0-2: Ball
1-2: SINGLE (Groundball, 4D)
Chris Pryor scores
Tony Quinn to third
Batting: RHB Norm Francis 0-0: Ball
1-0: Called Strike
1-1: Ball
2-1: Ball
3-1: Foul Ball, location: 2F
3-2: 3-RUN HOME RUN (Flyball, 8LXD), Distance : 431 ft
Pitching: RHP Jesús Martínez
Batting: RHB José Ruíz 0-0: Ball
1-0: Foul Ball, location: 2F
1-1: Swinging Strike
1-2: Fly out, F9 (Flyball, 9LM)
Batting: SHB Douglas Taylor 0-0: Foul Ball, location: 2F
0-1: Ball
1-1: Foul Ball, location: 2F
1-2: Ball
2-2: Foul Ball, location: 2F
2-2: Ball
3-2: SOLO HOME RUN (Flyball, 89XD), Distance : 398 ft
Batting: LHB Michael Cook 0-0: Foul Ball, location: 2F
0-1: Called Strike
0-2: Foul Ball, location: 2F
0-2: DOUBLE (Line Drive, 9LD)
Batting: LHB Howard Lambert 0-0: Fly out, F2 (Popup, 3S)
Top of the 8th over - 6 run(s), 6 hit(s), 0 error(s), 1 left on base; Amarillo 8 - Trenton 1
BOTTOM OF THE 8TH
Trenton Stars batting - Pitching for Amarillo Archdukes : RHP Dalton Ray
Now at 3B: Gil Watcham
Now in CF: Tony Quinn
Now in RF: Jorge Martínez
Batting: RHB Chris Cole 0-0: Ball
1-0: Foul Ball, location: 2F
1-1: Called Strike
1-2: Fly out, F9 (Flyball, 9)
Batting: RHB Rafael Canales 0-0: Ball
1-0: Ground out 6-3 (Groundball, 56)
Batting: RHB Clancy Booker 0-0: Called Strike
0-1: Fly out, F4 (Popup, 3D)
Bottom of the 8th over - 0 run(s), 0 hit(s), 0 error(s), 0 left on base; Amarillo 8 - Trenton 1
TOP OF THE 9TH
Amarillo Archdukes batting - Pitching for Trenton Stars : RHP Jesús Martínez
Pitching: LHP Joseph Byrne
Batting: RHB Gil Watcham 0-0: Ball
1-0: Called Strike
1-1: Foul Ball, location: 2F
1-2: Ball
2-2: Strikes out swinging
Batting: RHB Tony Quinn 0-0: Ball
1-0: Called Strike
1-1: Ball
2-1: Swinging Strike
2-2: Ball
3-2: Foul Ball, location: 2F
3-2: Fly out, F7 (Flyball, 7)
Batting: RHB Nobuharu Hoshino 0-0: Called Strike
0-1: Ball
1-1: Foul Ball, location: 2F
1-2: Strikes out swinging
Top of the 9th over - 0 run(s), 0 hit(s), 0 error(s), 0 left on base; Amarillo 8 - Trenton 1
BOTTOM OF THE 9TH
Trenton Stars batting - Pitching for Amarillo Archdukes : RHP Dalton Ray
Batting: RHB Roberto Chávez 0-0: Ball
1-0: Ball
2-0: Called Strike
2-1: SINGLE (Groundball, 25) (infield hit)
Batting: RHB Jonas Uttley 0-0: Ball
1-0: Ball
2-0: Ball
3-0: Called Strike
3-1: Base on Balls
Roberto Chávez to second
Pitching: RHP Frederick Kern
Batting: RHB Gabriel Villegas 0-0: Called Strike
0-1: Ball
1-1: Swinging Strike
1-2: Strikes out swinging
Batting: LHB Gerardo Guzmán 0-0: Swinging Strike
0-1: Foul Ball, location: 2F
0-2: Foul Ball, location: 2F
0-2: Foul Ball, location: 2F
0-2: Strikes out looking
Batting: RHB Felipe Olivas 0-0: Foul Ball, location: 2F
0-1: Called Strike
0-2: Foul Ball, location: 2F
0-2: Ball
1-2: Strikes out swinging
Bottom of the 9th over - 0 run(s), 1 hit(s), 0 error(s), 2 left on base; Amarillo 8 - Trenton 1
Thursday, March 30th, 2017 - OOTP Baseball 17.12 Build 75